AoeStats
← Samouele

Black Forest

510442190Analyzed
4v4 RM · 1d ago on Oct 1, 2026· 53m 35s· 8 players
Game mode
Random Map
Map size
Large (8 player)
Population
200
Speed
Normal
Resources
Standard
Victory
Conquest
Starting age
Dark Age
Ending age
Imperial Age
RankedLock teamsTeams togetherTeam positionsShared explorationLock speedFull tech treeHidden civsTurbo modeCheats
Victory
Defeat
🇨🇱 Celts · Chile
1189
+17
🇨🇱 Bengalis · Chile
1181
+17
🇫🇷 Bulgarians · France
1105
+20
🇩🇪 Bohemians · Germany
1085
+21
🇨🇦 Aztecs · Canada
1268
-21
🇲🇽 Persians · Mexico
1231
-20
🇺🇸 Tupi · United States
1183
-18
🇨🇦 Armenians · Canada
1136
-16
DSLG | Rommel
4:12 Loom
9:02 Feudal Age
15:30 Castle Age
13:43 Double-Bit Axe
26:32 Horse Collar
27:09 Bow Saw
27:42 Fletching
28:02 Forging
27:58 Scale Barding Armor
27:54 Heavy Plow
28:41 Gold Mining
28:41 Stone Mining
29:46 Wheelbarrow
30:08 Bloodlines
29:58 Husbandry
29:19 Light Cavalry
32:15 Gold Shaft Mining
32:15 Stone Shaft Mining
32:36 Hand Cart
33:05 Iron Casting
32:54 Chain Barding Armor
33:53 Masonry
33:38 Murder Holes
34:08 Ballistics
34:11 Devotion
37:39 Imperial Age
36:20 Bodkin Arrow
38:19 Conscription
37:20 Elite War Elephant
39:03 Blast Furnace
38:35 Crop Rotation
38:59 Plate Barding Armor
39:26 Two-Man Saw
39:41 Architecture
40:12 Chemistry
39:40 Hussar
40:38 Crossbowman
41:23 Thumb Ring
42:19 Citadels
42:12 Kamandaran
43:31 Padded Archer Armor
44:39 Faith
46:14 Leather Archer Armor
48:32 Cavalier
49:37 Savar
Cthpoolu
0:30 Loom
11:26 Feudal Age
16:02 Castle Age
14:25 Double-Bit Axe
17:37 Bow Saw
17:35 Horse Collar
21:33 Wheelbarrow
21:38 Heavy Plow
31:20 Fletching
31:48 Champi Runner
34:17 Bodkin Arrow
35:26 Scale Mail Armor
36:23 Ballistics
35:42 Champi Warrior
39:57 Hand Cart
40:48 Town Watch
41:10 Squires
41:36 Forging
42:41 Chain Mail Armor
Samouele
2:02 Loom
12:27 Feudal Age
15:16 Wheelbarrow
17:55 Castle Age
16:41 Double-Bit Axe
17:08 Horse Collar
18:57 Bow Saw
21:19 Heavy Plow
21:55 Gold Mining
23:21 Eagle Warrior
25:02 Squires
25:43 Town Watch
26:39 Pikeman
29:20 Scale Mail Armor
29:38 Treadmill Crane
32:33 Imperial Age
31:28 Chain Mail Armor
31:23 Forging
33:16 Sanctity
33:07 Fervor
32:24 Elite Skirmisher
33:27 Redemption
33:37 Block Printing
34:11 Fletching
34:22 Padded Archer Armor
34:59 Conscription
37:30 Leather Archer Armor
37:11 Bodkin Arrow
37:38 Ballistics
37:24 Siege Engineers
37:55 Forging
39:40 Garland Wars
39:57 Bracer
40:43 Elite Eagle Warrior
41:44 Atlatl
46:18 Man-at-Arms
46:45 Gambesons
48:29 Plate Mail Armor
48:34 Iron Casting
47:57 Elite Jaguar Warrior
49:38 Caravan
The Wizard
3:13 Loom
11:40 Feudal Age
13:25 Double-Bit Axe
16:20 Castle Age
15:28 Gold Mining
18:41 Bow Saw
20:00 Fishing Lines
21:43 Wheelbarrow
27:53 Imperial Age
25:57 Sanctity
25:14 Man-at-Arms
25:55 Long Swordsman
27:50 Forging
27:40 Scale Mail Armor
27:37 Two-Handed Swordsman
28:05 Gambesons
28:05 Arson
30:09 Iron Casting
29:49 Chain Mail Armor
30:58 Conscription
31:28 Champion
32:59 Gold Shaft Mining
32:31 Arson
33:29 Conscription
33:28 Squires
34:44 Blast Furnace
33:59 Chain Mail Armor
34:12 Chain Mail Armor
33:49 Elite Composite Bowman
35:42 Fereters
36:42 Fletching
36:52 Padded Archer Armor
37:23 Plate Mail Armor
37:38 Bodkin Arrow
39:51 Leather Archer Armor
40:44 Bracer
41:14 Ring Archer Armor
Bifbatz
11:59 Feudal Age
10:16 Loom
12:54 Double-Bit Axe
16:26 Castle Age
15:07 Horse Collar
17:29 Wheelbarrow
19:27 Bow Saw
19:30 Fishing Lines
23:06 Gillnets
23:45 Fervor
24:51 Heavy Plow
27:24 Caravan
31:10 Imperial Age
30:47 Chemistry
30:08 Ballistics
30:41 Hand Cart
30:11 Town Watch
31:12 Fletching
31:22 Padded Archer Armor
31:35 Forging
32:17 Coinage
32:03 Fortified Wall
32:00 Squires
32:02 Town Watch
32:48 Wagenburg Tactics
33:04 Conscription
32:58 Bodkin Arrow
33:18 Leather Archer Armor
32:56 Arson
35:06 Pikeman
36:05 Bracer
36:35 Ring Archer Armor
36:41 Iron Casting
36:06 Scale Mail Armor
36:11 Scale Barding Armor
36:20 Devotion
37:07 Halberdier
38:03 Siege Engineers
38:56 Elite Skirmisher
43:55 Houfnice
45:34 Ring Archer Armor
45:19 Chain Mail Armor
53:23 Two-Man Saw
LArcadia49
0:42 Loom
14:47 Feudal Age
16:04 Town Watch
19:54 Castle Age
18:08 Scale Mail Armor
18:20 Forging
18:19 Horse Collar
19:56 Double-Bit Axe
20:06 Fletching
20:55 Wheelbarrow
21:20 Bodkin Arrow
22:28 Gambesons
24:07 Arson
27:57 Chain Mail Armor
33:03 Squires
33:41 Hand Cart
35:10 Pikeman
40:04 Imperial Age
38:31 Gold Mining
40:27 Fervor
41:16 Iron Casting
43:21 Plate Mail Armor
44:32 Conscription
45:35 Blast Furnace
46:29 Heavy Plow
46:51 Bow Saw
47:06 Bagains
Malardo
0:33 Loom
10:55 Feudal Age
15:51 Castle Age
13:53 Double-Bit Axe
14:42 Gold Mining
16:55 Horse Collar
18:07 Fervor
18:42 Sanctity
18:28 Atonement
19:56 Wheelbarrow
19:07 Town Watch
19:58 Devotion
23:22 Gold Shaft Mining
23:45 Redemption
25:40 Hand Cart
31:20 Imperial Age
31:35 Scale Barding Armor
31:41 Forging
33:56 Bloodlines
33:47 Husbandry
35:04 Block Printing
36:43 Illumination
37:29 Chain Barding Armor
37:45 Iron Casting
39:02 Theocracy
38:01 Light Cavalry
40:45 Elite Battle Elephant
41:50 Paiks
42:06 Conscription
42:10 Caravan
42:57 Town Patrol
46:39 Blast Furnace
45:42 Heavy Plow
46:06 Bow Saw
47:34 Faith
49:52 Stone Mining
53:02 Plate Barding Armor
Ω SangreSpirit Ω
5:08 Loom
12:44 Feudal Age
16:59 Castle Age
16:38 Fishing Lines
16:51 Double-Bit Axe
16:59 Gold Mining
18:20 Bow Saw
18:12 Gillnets
19:27 Pikeman
24:25 Horse Collar
25:20 Man-at-Arms
26:26 Scale Mail Armor
26:37 Forging
28:01 Wheelbarrow
30:38 Imperial Age
27:56 Town Watch
27:45 Long Swordsman
29:26 Chain Mail Armor
30:01 Hand Cart
30:00 Heavy Plow
30:47 Gold Shaft Mining
30:05 Stone Mining
31:21 Iron Casting
31:10 Fletching
31:06 Halberdier
32:21 Plate Mail Armor
32:51 Blast Furnace
33:18 Bodkin Arrow
34:59 Conscription
34:24 Elite Woad Raider
35:42 Hoardings
35:53 Capped Ram
37:02 Siege Ram
38:11 Onager
39:18 Stronghold
39:09 Heavy Scorpion
40:51 Ballistics
41:35 Siege Engineers
42:12 Furor Celtica
42:20 Siege Onager
45:41 Chemistry
45:18 Masonry
45:04 Murder Holes
45:47 Arson
46:55 Guilds
Connection lost

Rejoining the realm…

Still unreachable

The connection could not be restored.

Session expired

The server has moved on; the page needs a fresh start.